 Dungeon Crawl Stone Soup version 0.29.1-12-g30fa7ad0bf (webtiles) character file.

Game seed: 2276442327828925302

2745 Mitcholas the Grappler (level 9, -10/89 HPs)
             Began as a Troll Fighter on Dec 29, 2022.
             Was an Initiate of Wu Jian.
             Mangled by Prince Ribbit (12 damage)
             ... on level 6 of the Dungeon.
             The game lasted 00:17:11 (4148 turns).

Mitcholas the Grappler (Troll Fighter)              Turns: 4148, Time: 00:17:11

Health: -10/89     AC:  6    Str: 26    XL:     9   Next: 41%
Magic:  17/17      EV:  8    Int:  8    God:    Wu Jian [......]
Gold:   347        SH:  8    Dex:  9    Spells: 8/8 levels left

rFire   . . .      SeeInvis .     - Unarmed
rCold   . . .      Faith    .   m - +0 kite shield
rNeg    . . .      Spirit   .   a - +0 robe
rPois   .          Reflect  .   o - +2 hat
rElec   .          Harm     .   (no cloak)
rCorr   .          Rampage  .   (gloves unavailable)
Will    .....                   (boots unavailable)
Stlth   +.........              r - amulet of magic regeneration
HPRegen 1.04/turn               w - ring of wizardry
MPRegen 0.55/turn               z - ring of magical power

@: no status effects
A: large, unfitting armour, claws 3, regeneration 1, shaggy fur 1, tough skin 1
a: Renounce Religion


You were on level 6 of the Dungeon.
You worshipped Wu Jian.
Wu Jian was noncommittal.
You visited 2 branches of the dungeon, and saw 7 of its levels.

You collected 347 gold pieces.

Inventory:

Hand Weapons
 b - a +2 whip of freezing
Missiles
 s - 3 curare-tipped darts (quivered)
 B - 6 poisoned darts
Armour
 a - a +0 robe (worn)
 m - a +0 kite shield (worn)
 o - a +2 hat (worn)
Jewellery
 r - an amulet of magic regeneration (around neck)
 w - a ring of wizardry (left claw)
 z - a ring of magical power (right claw)
Scrolls
 i - 3 scrolls of enchant armour
 n - 2 scrolls of teleportation {unknown}
 t - a scroll of brand weapon {unknown}
 v - a scroll of poison {unknown}
 x - a scroll of amnesia {unknown}
 y - a scroll of immolation {unknown}
Potions
 c - a potion of might
 d - 3 potions of brilliance
 e - 2 potions of resistance {unknown}
 g - 2 potions of flight
 h - 3 potions of lignification
 j - 2 potions of haste
 k - 6 potions of curing
 l - 2 potions of heal wounds
 p - 2 potions of attraction
 q - 2 potions of magic
 u - a potion of invisibility {unknown}
 A - a potion of ambrosia {unknown}
 C - a potion of berserk rage {unknown}


   Skills:
 + Level 5.9 Fighting
 - Level 2.4 Dodging
 + Level 6.5 Shields
 * Level 9.4 Unarmed Combat


You had 8 spell levels left.
You didn't know any spells.
Your spell library contained the following spells:

 Spells                   Type           Power      Damage    Failure   Level
 Slow                     Hex            0%         N/A       34%         1
 Blink                    Tloc           0%         N/A       45%         2
 Confusing Touch          Hex            0%         N/A       69%         3
 Vampiric Draining        Necr           0%         2d6       69%         3
 Manifold Assault         Tloc           0%         N/A       100%        5
 Storm Form               Tmut/Air       0%         N/A       100%        7


Dungeon Overview and Level Annotations

Branches:
Dungeon (6/15)             Temple (1/1) D:5

Altars:
Dithmenos
Elyvilon
Fedhas
Hepliaklqana
Kikubaaqudgha
Makhleb
Nemelex Xobeh
Okawaru
Qazlal
Ru
Trog
Uskayaw
Vehumet
Wu Jian
Xom
The Shining One

Annotations:
D:6 Prince Ribbit


Innate Abilities, Weirdness & Mutations

You are too large for most types of armour.
You have claws for hands.
Your natural rate of healing is unusually fast.
You are covered in fur. (AC +1)
You have tough skin. (AC +1)


Message History

The Council accepts your kill.
Prince Ribbit hops awkwardly around.
Prince Ribbit blinks!
You lunge at Prince Ribbit.
You barely miss Prince Ribbit.
Prince Ribbit hits you but does no damage.
Prince Ribbit hits you!
There is a stone staircase leading down, spattered with blood here.
You scratch Prince Ribbit.
Prince Ribbit is lightly wounded.
Prince Ribbit hits you!
You scratch Prince Ribbit.
Prince Ribbit is lightly wounded.
Prince Ribbit hits you but does no damage.
You barely miss Prince Ribbit.
Prince Ribbit is lightly wounded.
Prince Ribbit hits you!
You scratch Prince Ribbit.
Prince Ribbit is lightly wounded.
Prince Ribbit hits you!
* * * LOW HITPOINT WARNING * * *
You block Prince Ribbit's attack.
You closely miss Prince Ribbit.
Prince Ribbit is lightly wounded.
Prince Ribbit barely misses you.
You mangle Prince Ribbit!!
Prince Ribbit is severely wounded.
Prince Ribbit blinks!
Found 17 gold pieces.
Found a blossoming altar of Fedhas.
Prince Ribbit hits you!
* * * LOW HITPOINT WARNING * * *
You see here 6 stones.
You barely miss Prince Ribbit.
Prince Ribbit is severely wounded.
Prince Ribbit hits you!
* * * LOW HITPOINT WARNING * * *
Unknown command.
You barely miss Prince Ribbit.
Prince Ribbit is severely wounded.
Prince Ribbit hits you!
You die...

.....).###...## ########
###..# ** ##.## ,* #..## ,*
##..####### ,* #.).......#
,********** #.........##*****
,,,,,,,,..###...........,,,,**
*,,,,,**#......>@.....#,**,,,*
*****,,*#####....F......,,,,,*
**,* #.......####***,,* *,*
#.......#$..,,*,,* *,*
#.......#...,,*,,* *,**
#.......+.._,,*,** *,,*
#.......#..$,,*,*
**,****######..#.$.,,*,*
******,,,*,,,** *,,*******,*


You could see Prince Ribbit.

Vanquished Creatures
  Pikel (D:4)
  Grinder (D:5)
  Sigmund (D:2)
  Eustachio (D:6)
  Menkaure (D:4)
  An acid dragon (D:5)
  A water moccasin (D:5)
  A sky beast (D:4)
  A black bear (D:5)
  2 ogres
  A centaur (D:5)
  A bullfrog (D:6)
  A kobold brigand (D:6)
  2 necrophages
  3 jellies
  4 orc priests
  A hound (D:4)
  Terence (D:3)
  6 iguanas
  4 orc wizards
  5 adders
  6 gnolls
  A white imp (D:3)
  2 worms
  4 dart slugs
  19 orcs
  11 ball pythons
  5 bats
  10 endoplasms
  3 giant cockroaches
  3 goblins (D:2)
  3 hobgoblins
  17 jackals
  3 quokkas
  A frilled lizard (D:1)
  15 kobolds
  5 rats
148 creatures vanquished.

Vanquished Creatures (others)
  4 plants (D:1)
4 creatures vanquished.

Grand Total: 152 creatures vanquished

Notes
Turn   | Place    | Note
-------+----------+-------------------------------------------
     0 | D:1      | Mitcholas the Troll Fighter began the quest for the Orb.
     0 | D:1      | Reached XP level 1. HP: 22/22 MP: 0/0
    60 | D:1      | Reached XP level 2. HP: 27/29 MP: 1/1
   203 | D:1      | Reached XP level 3. HP: 36/36 MP: 2/2
   301 | D:1      | Reached skill level 3 in Unarmed Combat
   802 | D:2      | Noticed Sigmund
   814 | D:2      | Reached XP level 4. HP: 25/44 MP: 3/3
   824 | D:2      | Killed Sigmund
   825 | D:2      | Reached skill level 4 in Unarmed Combat
   825 | D:2      | Reached XP level 5. HP: 5/53 MP: 4/4
  1235 | D:2      | Found a faded altar of an unknown god.
  1329 | D:2      | Reached XP level 6. HP: 61/61 MP: 5/5
  1559 | D:3      | Found a bloodstained altar of Trog.
  1899 | D:3      | Reached skill level 5 in Unarmed Combat
  2074 | D:3      | Found a stormy altar of Qazlal.
  2087 | D:3      | Noticed Terence
  2093 | D:3      | Killed Terence
  2351 | D:4      | Reached XP level 7. HP: 26/68 MP: 6/6
  2439 | D:4      | Noticed Pikel
  2452 | D:4      | Killed Pikel
  2453 | D:4      | Reached skill level 5 in Shields
  2453 | D:4      | Reached skill level 6 in Unarmed Combat
  2453 | D:4      | Reached XP level 8. HP: 72/79 MP: 7/7
  2467 | D:4      | Reached skill level 7 in Unarmed Combat
  2709 | D:4      | Noticed Menkaure
  2716 | D:4      | Killed Menkaure
  2760 | D:4      | Reached skill level 5 in Fighting
  2950 | D:4      | Reached skill level 8 in Unarmed Combat
  3186 | D:5      | Entered Level 5 of the Dungeon
  3365 | D:5      | Found a staircase to the Ecumenical Temple.
  3403 | Temple   | Entered the Ecumenical Temple
  3495 | Temple   | Became a worshipper of the Wu Jian Council
  3567 | D:5      | Reached XP level 9. HP: 85/88 MP: 8/8
  3783 | D:5      | Noticed Grinder
  3788 | D:5      | Found a sacrificial altar of Ru.
  3792 | D:5      | Killed Grinder
  3859 | D:5      | Reached skill level 9 in Unarmed Combat
  4087 | D:6      | Noticed Eustachio
  4121 | D:6      | Killed Eustachio
  4131 | D:6      | Noticed Prince Ribbit
  4146 | D:6      | Found a blossoming altar of Fedhas.
  4147 | D:6      | HP: 1/89 [Prince Ribbit (14)]
  4148 | D:6      | Mangled by Prince Ribbit

Illustrated notes

Levels and vault maps discovered:
D:1:      nicolae_arrival_somewhat_less_tricky_arrival, layout_loops_cross,
          nicolae_grassy_gnolls
D:2:      layout_basic, hellmonk_ecumenical_altar_arch_garden,
          grunt_ministairs_3, uniq_sigmund
D:3:      minmay_recursive_quarters, layout_rooms,
          nicolae_overflow_crystal_walls, trog_three_pillars_becter,
          st_stairs_8, uniq_terence
D:4:      layout_cave_pools, minmay_misc_feat_x, uniq_pikel, uniq_menkaure
D:5:      layout_loops_cross, lemuel_coloured_pillars_altar,
          minmay_temple_entry_arrows, uniq_grinder
D:6:      layout_rooms, amcnicky_altar_gilded, portal_sewer_entry_c,
          uniq_blork_the_orc, uniq_eustachio, uniq_prince_ribbit1,
          uniq_crazy_yiuf_cottage
Temple:   nicolae_temple_hex_pool

Skill      XL: |  1  2  3  4  5  6  7  8  9 |
---------------+----------------------------+-----
Shields        | 3 4 5 6 |  6.5
Unarmed Combat | 3 4 5 6 8 9 |  9.4
Fighting       | 3 4 5 |  5.9
Dodging        | |  2.4

Action                   |  1- 3 |  4- 6 |  7- 9 || total
-------------------------+-------+-------+-------++-------
Melee: Unarmed           |    76 |   160 |   181 ||   417
Throw: Dart              |       |       |     7 ||     7
Invok: Lunge             |       |       |     7 ||     7
  Use: Potion            |       |     1 |     1 ||     2
       Scroll            |       |       |     9 ||     9
 Stab: Sleeping          |     1 |       |       ||     1
Armor: Robe              |    23 |    44 |    30 ||    97
       Skin              |       |     6 |       ||     6
Dodge: Dodged            |    29 |    40 |    47 ||   116
Block: Kite shield       |    22 |    45 |    61 ||   128
